 Dungeon Crawl Stone Soup version 0.21.0-3-g78d12a8bdd (webtiles) character file.

634 Jerry the Slasher (level 7, -10/60 HPs)
             Began as a Gnoll Chaos Knight on Jan 8, 2018.
             Mangled by a small abomination (13 damage)
             ... summoned by the capriciousness of Xom
             ... on level 4 of the Dungeon.
             The game lasted 00:09:08 (3241 turns).

Jerry the Slasher (Gnoll Chaos Knight)              Turns: 3241, Time: 00:09:09

Health: -10/60     AC:  6    Str: 17    XL:     7   Next: 49%
Magic:  10/10      EV: 13    Int: 14    God:    Xom [..*...]
Gold:   374        SH:  0    Dex: 14    Spells: 11/11 levels left

rFire    . . .     SeeInvis .   a - +0 falchion (chaos)
rCold    . . .     Gourm    .   (no shield)
rNeg     . . .     Faith    .   b - +2 leather armour
rPois    .         Spirit   .   (no helmet)
rElec    .         Reflect  .   o - +0 cloak
rCorr    .         Harm     .   (no gloves)
MR       .....                  (no boots)
Stlth    ++........             (no amulet)
HPRegen  0.20/turn              (no ring)
MPRegen  0.12/turn              (no ring)

@: no status effects
A: distributed training, fangs 1, strong nose
a: Renounce Religion


You were on level 4 of the Dungeon.
You worshipped Xom.
You were a toy of Xom.
You were not hungry.

You visited 1 branch of the dungeon, and saw 4 of its levels.
You also visited: Ossuary.

You collected 374 gold pieces.

Inventory:

Hand Weapons
 a - a +0 falchion of chaos (weapon)
Armour
 b - a +2 leather armour (worn)
 o - a +0 cloak (worn)
Wands
 l - a wand of polymorph (11)
 p - a wand of disintegration (17)
Scrolls
 g - a scroll of amnesia
 h - a scroll of teleportation
 k - 2 scrolls of magic mapping
 n - a scroll of immolation
 q - a scroll of identify
Potions
 d - a potion of ambrosia
 e - a potion of haste {unknown}
 f - a potion of agility {unknown}
 i - a potion of degeneration {unknown}
 j - a potion of flight
 m - 4 potions of curing
 r - 4 potions of brilliance {unknown}
 s - a potion of heal wounds {unknown}
 t - a potion of might {unknown}
 v - 4 potions of lignification
Comestibles
 c - 6 rations


   Skills:
 + Level 7.0 Fighting
 + Level 2.5 Short Blades
 + Level 7.0 Long Blades
 + Level 2.5 Axes
 + Level 2.5 Maces & Flails
 + Level 2.5 Polearms
 + Level 2.5 Staves
 + Level 2.5 Slings
 + Level 2.5 Bows
 + Level 2.5 Crossbows
 + Level 2.5 Throwing
 + Level 5.2 Armour
 + Level 3.6 Dodging
 + Level 2.5 Stealth
 + Level 2.5 Shields
 + Level 2.5 Unarmed Combat
 + Level 2.5 Spellcasting
 + Level 2.0 Conjurations
 + Level 2.0 Hexes
 + Level 2.0 Charms
 + Level 2.0 Summonings
 + Level 2.0 Necromancy
 + Level 2.0 Translocations
 + Level 2.0 Transmutations
 + Level 2.0 Fire Magic
 + Level 2.0 Ice Magic
 + Level 2.0 Air Magic
 + Level 2.0 Earth Magic
 + Level 2.0 Poison Magic
 + Level 2.7 Invocations
 + Level 2.5 Evocations


You had 11 spell levels left.
You didn't know any spells.

Dungeon Overview and Level Annotations

Branches:
Dungeon (4/15)             Temple (0/1) D:4

Altars:
Sif Muna
Xom


Innate Abilities, Weirdness & Mutations

Your experience applies equally to all skills.
You have very sharp teeth.
Your uncanny sense of smell can sniff out nearby items.


Message History

The small abomination is lightly damaged.
The small abomination hits you.
Your leather armour prevents you from hitting the small abomination.
The small abomination is lightly damaged.
You closely miss the small abomination.
The small abomination is lightly damaged.
The small abomination hits you!
You hit the small abomination but do no damage.
The small abomination flickers and vanishes!
Deactivating autopickup; reactivate with Ctrl-A.
You punch something. Something hits you but does no damage.
You completely miss something. Something hits you.
* * * LOW HITPOINT WARNING * * *
You hit something but do no damage. You bite something.
Something hits you but does no damage.
You barely miss something. Your bite misses something. Something hits you!
* * * LOW HITPOINT WARNING * * *
You closely miss something. Something hits you!
You die...
Xom laughs nastily!

*,* *,,,,**,** *,*
#.#
*,****......,****,*
#.#
*,,,,,,....#,,,,,,*
#.#
*******......***#.#
#.# **....#* #.#
#.# ## *....# #.#
#.###. *#.#.#
#.###.##.. #.#.#
###......).# #@#.#
#.....####..
#{#.###.....# ##.
#x..........# #.
###.###...>.# #.
#.###.....# #.
#.......#.# #.
#########.# #.
#.#***#. #..,,,..


You could see a small abomination.

Vanquished Creatures
  Sigmund (D:2)
  An orc priest (D:4)
  4 orc wizards
  Crazy Yiuf (D:2)
  Jessica (D:3)
  Natasha (D:3)
  A big kobold zombie (Ossuary)
  9 mummies
  4 adders
  2 oozes (D:1)
  2 worms (D:3)
  2 leopard geckos
  7 orcs
  A ball python (D:2)
  8 bats
  3 goblins
  5 hobgoblins (D:1)
  4 jackals (D:2)
  4 kobolds
  A quokka (D:3)
  3 frilled lizards
  3 gnoll zombies (Ossuary)
  2 hobgoblin zombies (Ossuary)
  A kobold zombie (Ossuary)
  An orc zombie (Ossuary)
  6 rats
78 creatures vanquished.

Vanquished Creatures (others)
  A worker ant (D:4)
1 creature vanquished.

Grand Total: 79 creatures vanquished

Notes
Turn   | Place    | Note
-------+----------+-------------------------------------------
     0 | D:1      | Jerry the Gnoll Chaos Knight began the quest for the Orb.
     0 | D:1      | Reached XP level 1. HP: 23/23 MP: 1/1
   121 | D:1      | Reached XP level 2. HP: 28/29 MP: 2/2
   469 | D:1      | Reached XP level 3. HP: 34/35 MP: 3/3
   666 | D:1      | XOM: mild Tloc miscast
   831 | D:2      | Reached skill level 1 in Invocations
  1020 | D:2      | Noticed Sigmund
  1033 | D:2      | Killed Sigmund
  1033 | D:2      | Reached skill level 1 in Short Blades
  1033 | D:2      | Reached skill level 1 in Axes
  1033 | D:2      | Reached skill level 1 in Maces & Flails
  1033 | D:2      | Reached skill level 1 in Polearms
  1033 | D:2      | Reached skill level 1 in Staves
  1033 | D:2      | Reached skill level 1 in Slings
  1033 | D:2      | Reached skill level 1 in Bows
  1033 | D:2      | Reached skill level 1 in Crossbows
  1033 | D:2      | Reached skill level 1 in Throwing
  1033 | D:2      | Reached skill level 1 in Stealth
  1033 | D:2      | Reached skill level 1 in Shields
  1033 | D:2      | Reached skill level 1 in Unarmed Combat
  1033 | D:2      | Reached skill level 1 in Spellcasting
  1033 | D:2      | Reached skill level 1 in Conjurations
  1033 | D:2      | Reached skill level 1 in Hexes
  1033 | D:2      | Reached skill level 1 in Charms
  1033 | D:2      | Reached skill level 1 in Summonings
  1033 | D:2      | Reached skill level 1 in Necromancy
  1033 | D:2      | Reached skill level 1 in Translocations
  1033 | D:2      | Reached skill level 1 in Transmutations
  1033 | D:2      | Reached skill level 1 in Fire Magic
  1033 | D:2      | Reached skill level 1 in Ice Magic
  1033 | D:2      | Reached skill level 1 in Air Magic
  1033 | D:2      | Reached skill level 1 in Earth Magic
  1033 | D:2      | Reached skill level 1 in Poison Magic
  1033 | D:2      | Reached skill level 1 in Evocations
  1033 | D:2      | Reached XP level 4. HP: 41/41 MP: 4/6
  1033 | D:2      | Reached XP level 5. HP: 47/47 MP: 4/7
  1288 | D:2      | Found a runed door.
  1452 | D:2      | Found a deep blue altar of Sif Muna.
  1507 | D:2      | Noticed Crazy Yiuf
  1513 | D:2      | Killed Crazy Yiuf
  1513 | D:2      | Reached XP level 6. HP: 38/53 MP: 8/8
  1578 | D:2      | XOM: harmless Fire miscast
  1651 | D:3      | Noticed Jessica
  1667 | D:3      | Killed Jessica
  1711 | D:3      | Noticed Natasha
  1715 | D:3      | Killed Natasha
  1740 | D:3      | Reached skill level 5 in Armour
  1873 | D:3      | XOM: scenery: create altars
  2001 | D:3      | XOM: noise
  2055 | D:3      | XOM: mild Fire miscast
  2376 | D:4      | Reached XP level 7. HP: 57/59 MP: 10/10
  2396 | D:4      | Found a sand-covered staircase.
  2465 | Ossuary  | Entered an ossuary
  2541 | Ossuary  | XOM: butterfly on damage
  2721 | Ossuary  | XOM: noise
  2738 | Ossuary  | XOM: harmless Tloc miscast
  2768 | Ossuary  | XOM: confuse monster(s)
  2928 | Ossuary  | XOM: harmless Chrm miscast
  2957 | Ossuary  | XOM: mild Chrm miscast
  3228 | D:4      | XOM: medium Summ miscast
  3240 | D:4      | HP: 3/60 [something (15)]
  3241 | D:4      | Mangled by a small abomination

Skill      XL: |  1  2  3  4  5  6  7 |
---------------+----------------------+-----
Invocations    | 1 2 |  2.7
Short Blades   | 1 2 |  2.5
Axes           | 1 2 |  2.5
Maces & Flails | 1 2 |  2.5
Polearms       | 1 2 |  2.5
Staves         | 1 2 |  2.5
Slings         | 1 2 |  2.5
Bows           | 1 2 |  2.5
Crossbows      | 1 2 |  2.5
Throwing       | 1 2 |  2.5
Dodging        | 3 |  3.6
Stealth        | 1 2 |  2.5
Shields        | 1 2 |  2.5
Unarmed Combat | 1 2 |  2.5
Spellcasting   | 1 2 |  2.5
Conjurations   | 1 2 |  2.0
Hexes          | 1 2 |  2.0
Charms         | 1 2 |  2.0
Summonings     | 1 2 |  2.0
Necromancy     | 1 2 |  2.0
Translocations | 1 2 |  2.0
Transmutations | 1 2 |  2.0
Fire Magic     | 1 2 |  2.0
Ice Magic      | 1 2 |  2.0
Air Magic      | 1 2 |  2.0
Earth Magic    | 1 2 |  2.0
Poison Magic   | 1 2 |  2.0
Evocations     | 1 2 |  2.5
Armour         | 5 |  5.2
Fighting       | 7 |  7.0
Long Blades    | 7 |  7.0

Action                   |  1- 3 |  4- 6 |  7- 9 || total
-------------------------+-------+-------+-------++-------
Melee: Falchion          |    77 |   111 |    98 ||   286
       Bite              |    10 |    16 |    10 ||    36
       Punch             |       |     2 |     4 ||     6
  Use: Scroll            |       |       |    10 ||    10
       Potion            |       |       |     1 ||     1
 Stab: Paralysed         |     1 |       |     8 ||     9
       Sleeping          |       |     1 |     1 ||     2
       Petrifying        |       |       |     3 ||     3
       Confused          |       |       |     2 ||     2
       Petrified         |       |       |     1 ||     1
  Eat: Chunk             |       |     5 |       ||     5
       Ration            |       |       |     1 ||     1
Armor: Leather armour    |    31 |    25 |     6 ||    62
       Skin              |     2 |       |    27 ||    29
Dodge: Dodged            |    59 |    50 |    29 ||   138
       Rpst.: Falchion   |    16 |    13 |    10 ||    39
